 Dungeon Crawl Stone Soup version 0.31-a0-300-g4ac5daa9c1 (webtiles) character file.

Game seed: 16171931315869117514

18676 Boola94 the Fighter (level 12, 0/110 HPs)
             Began as a Minotaur Fighter on July 16, 2023.
             Was a High Priest of Okawaru.
             Slain by a gargoyle
             ... wielding a +0 flail
              (11 damage)
             ... on level 12 of the Dungeon.
             The game lasted 01:31:04 (11096 turns).

Boola94 the Fighter (Minotaur Fighter)             Turns: 11096, Time: 01:31:05

Health: 0/110      AC: 27    Str: 25    XL:     12   Next: 29%
Magic:  9/11       EV:  7    Int:  5    God:    Okawaru [*****.]
Gold:   567        SH:  7    Dex: 15    Spells: 11/11 levels left

rFire   . . .        y - +10 falchion "Killer Bee's Foe" {drain, rElec Stlth+}
rCold   . . .        c - +0 buckler
rNeg    . . .        r - +8 plate armour of Apathy {Str+2 Dex+2}
rPois   .            (helmet restricted)
rElec   +            X - +1 cloak {rCorr}
rCorr   +            (no gloves)
SInv    +            o - +0 pair of boots
Will    .....        G - amulet of faith Stlth
                     k - ring of resist corrosion
HPRegen 0.38/turn    I - ring of see invisible
MPRegen 0.12/turn

%: faith
@: mighty
A: horns 2, retaliatory headbutt
a: Renounce Religion, Heroism, Finesse, Duel


You were on level 12 of the Dungeon.
You worshipped Okawaru.
Okawaru was extremely pleased with you.
You visited 2 branches of the dungeon, and saw 13 of its levels.

You collected 686 gold pieces.
You spent 119 gold pieces at shops.

Inventory:

Hand Weapons
 b - the +6 long sword "Ophips" {speed, rElec rC+ rN+ Will+}
   (Okawaru gifted it to you on level 11 of the Dungeon)

   rC:        It protects you from cold.
   rElec:     It insulates you from electricity.
   rN:        It protects you from negative energy.
   Will:      It increases your willpower.
 y - the +10 falchion "Killer Bee's Foe" (weapon) {drain, rElec Stlth+}
   (You found it on level 6 of the Dungeon)

   rElec:     It insulates you from electricity.
   Stlth:     It makes you more stealthy.
 z - a +1 heavy long sword
Missiles
 a - 4 silver boomerangs
 l - 5 javelins
 x - 11 boomerangs
 B - 7 silver javelins
 L - 5 poisoned darts
 M - 3 atropa-tipped darts (quivered)
 Q - 3 curare-tipped darts
Armour
 c - a +0 buckler (worn)
 o - a +0 pair of boots (worn)
 r - the +8 plate armour of Apathy (worn) {Str+2 Dex+2}
   (You found it on level 4 of the Dungeon)

   Str:       It affects your strength (+2).
   Dex:       It affects your dexterity (+2).
 X - a +1 cloak of preservation (worn)
Jewellery
 f - a +4 ring of protection
 g - an amulet of regeneration
 i - an amulet of magic regeneration
 k - a ring of resist corrosion (left hand)
 w - a ring of positive energy
 G - an amulet of faith (around neck)
 H - a ring of protection from cold
 I - a ring of see invisible (right hand)
 K - a ring of protection from cold
Talismans
 h - a maw talisman
 E - a blade talisman
Wands
 m - a wand of flame (82)
 p - a wand of mindburst (6)
 O - a wand of charming (7)
 P - a wand of acid (9)
 S - a wand of digging (4)
 V - a wand of polymorph (6)
Scrolls
 v - 3 scrolls of teleportation
 A - 2 scrolls of revelation
 R - a scroll of enchant weapon
Potions
 d - 2 potions of might
 e - 4 potions of enlightenment
 j - a potion of magic
 q - 4 potions of mutation
 s - 5 potions of attraction
 t - 3 potions of degeneration {unknown}
 u - 4 potions of heal wounds {unknown}
 N - a potion of cancellation {unknown}
 T - a potion of resistance {unknown}
Miscellaneous
 C - a phantom mirror


   Skills:
 + Level 11.4 Fighting
 - Level 3.9(7.3) Short Blades
 * Level 10.6(11.0) Long Blades
 - Level 5.1 Polearms
 + Level 8.6 Throwing
 + Level 11.3 Armour
 + Level 11.3 Shields


You had 11 spell levels left.
You didn't know any spells.
Your spell library contained the following spells:

 Spells                   Type           Power      Damage    Failure   Level
 Apportation              Tloc           0%         N/A       99%         1
 Magic Dart               Conj           0%         1d3       99%         1
 Necrotise                Necr           0%         1d4       99%         1
 Sandblast                Erth           0%         2d4       99%         1
 Cigotuvi's Dreadful Rot  Necr/Pois/Air  0%         N/A       100%        2
 Passwall                 Tmut/Erth      0%         N/A       100%        2
 Scorch                   Fire           0%         2d5       100%        2
 Ignite Poison            Fire/Tmut/Pois 0%         N/A       100%        3
 Inner Flame              Hex/Fire       0%         N/A       100%        3
 Mephitic Cloud           Conj/Pois/Air  0%         N/A       100%        3
 Stone Arrow              Conj/Erth      0%         3d7       100%        3
 Vampiric Draining        Necr           0%         2d6       100%        3
 Flame Wave               Conj/Fire      0%         2d4       100%        4
 Sticky Flame             Conj/Fire      0%         2d3       100%        4
 Agony                    Necr           0%         N/A       100%        5
 Freezing Cloud           Conj/Ice/Air   0%         6-21      100%        5
 Ignition                 Fire           0%         3d3       100%        8
 Summon Small Mammal      Summ           Unusable   N/A       N/A         1
 Call Imp                 Summ           Unusable   N/A       N/A         2
 Summon Cactus Giant      Summ           Unusable   N/A       N/A         6

Dungeon Overview and Level Annotations

Branches:
Dungeon (12/15)            Temple (1/1) D:5            Lair (0/5) D:11
    Orc: D:9-12

Altars:
Ashenzari
Cheibriados
Dithmenos
Elyvilon
Fedhas
Gozag
Hepliaklqana
Kikubaaqudgha
Makhleb
Nemelex Xobeh
Okawaru
Qazlal
Ru
Sif Muna
Trog
Uskayaw
Vehumet
Wu Jian
Xom
Yredelemnul
Zin
The Shining One

Shops:
D:3 *   D:6 ==


Innate Abilities, Weirdness & Mutations

You have a pair of horns on your head.
You reflexively headbutt those who attack you in melee.


Message History

The manticore is lightly wounded.
The manticore bites you but does no damage.
The manticore barely misses you. x2
You slash the manticore! You drain the manticore.
Your headbutt misses the manticore.
The manticore is severely wounded.
The manticore bites you.
* * * LOW HITPOINT WARNING * * *
The manticore barely misses you.
The manticore claws you but does no damage.
You hit the manticore.
The manticore is severely wounded.
You slash the manticore! You drain the manticore.
You kill the manticore!
Okawaru accepts your kill.
You feel very mighty all of a sudden. The orc hits you but does no damage.
You slash the orc!
You kill the orc!
Okawaru accepts your kill.
You slash the orc warrior! Your headbutt misses the orc warrior.
The orc warrior is moderately wounded.
You hit the orc warrior. You drain the orc warrior.
You headbutt the orc warrior!
The orc warrior is almost dead.
You hit the orc warrior.
You kill the orc warrior!
Okawaru accepts your kill.
You barely miss the orc. The orc hits you but does no damage.
You slash the orc!
You kill the orc!
You barely miss the gargoyle. Your headbutt misses the gargoyle.
You barely miss the gargoyle.
The gargoyle hurls a stone arrow at you.
The stone arrow hits you.
* * * LOW HITPOINT WARNING * * *
You slash the gargoyle!
The gargoyle is heavily damaged.
The gargoyle hits you with a +0 flail!
You die...

#H...# #.....##
#O...###.#####
#....#......#
#l...#......#
#....#......#
#.=..#......#
####...........#
#)9............#
#@#.##............
#.#..#......#.....
.....#......#.....
#..#..#......#.....
#..#..#.#.)..#.....
...#..#.#....#.....
###.#.<#.#....######
#.# #


You could see a gargoyle.

Vanquished Creatures
  A hydra (D:12)
  3 two-headed ogres
  2 boulder beetles (D:11)
  Erica (D:9)
  Urug (D:11)
  A fire crab (D:11)
  2 cyclopes
  2 manticores (D:12)
  3 gargoyles
  Maurice (D:10)
  An unseen horror (D:12)
  2 komodo dragons (D:12)
  A hornet (D:9)
  2 trolls
  Grinder (D:6)
  2 wyverns (D:9)
  4 wraiths
  20 yaks
  4 vampire mosquitoes (D:10)
  Menkaure (D:7)
  An acid dragon (D:10)
  3 water moccasins
  A sky beast (D:7)
  3 ice beasts
  4 orc warriors
  2 black bears (D:7)
  3 ogres
  8 centaurs
  A phantom (D:7)
  A kobold brigand (D:8)
  A gnoll sergeant (D:8)
  3 bullfrogs
  2 scorpions
  5 wights (D:9)
  10 killer bees
  8 howler monkeys
  6 hounds
  2 orc priests
  A sleepcap (D:5)
  Crazy Yiuf (D:6)
  A gnoll bouda (D:7)
  13 iguanas
  6 orc wizards
  11 adders
  7 gnolls
  2 shadow imps
  A white imp (D:6)
  A worm (D:4)
  37 orcs
  5 ball pythons
  3 bats
  7 endoplasms
  3 giant cockroaches (D:1)
  6 goblins
  5 hobgoblins
  7 jackals
  15 kobolds
  3 quokkas
  3 frilled lizards
  6 rats
  2 butterflies (D:5)
265 creatures vanquished.

Vanquished Creatures (others)
  A troll (D:12)
  An orc wizard (D:10)
2 creatures vanquished.

Grand Total: 267 creatures vanquished

Notes
Turn   | Place    | Note
-------+----------+-------------------------------------------
     0 | D:1      | Boola94 the Minotaur Fighter began the quest for the Orb.
     0 | D:1      | Reached XP level 1. HP: 19/19 MP: 0/0
   283 | D:1      | Found a faded altar of an unknown god.
   327 | D:1      | Reached XP level 2. HP: 24/25 MP: 1/1
   881 | D:2      | Reached XP level 3. HP: 33/33 MP: 2/2
  1500 | D:3      | Found Cueti Zoek's Assorted Antiques.
  1525 | D:3      | Reached skill level 1 in Short Blades
  1525 | D:3      | Reached XP level 4. HP: 32/41 MP: 3/3
  1672 | D:3      | Bought a runed scale mail for 119 gold pieces
  1738 | D:3      | Found a sacrificial altar of Ru.
  1921 | D:3      | Found a glowing golden altar of the Shining One.
  2040 | D:3      | Found a shimmering blue altar of Sif Muna.
  2511 | D:4      | Found a broken altar of Ashenzari.
  2512 | D:4      | Noticed a scorpion
  2513 | D:4      | Identified the +8 plate armour of Apathy {Str+2 Dex+2}
  2530 | D:4      | Killed a scorpion
  2531 | D:4      | Reached XP level 5. HP: 34/47 MP: 4/4
  2851 | D:4      | Found a white marble altar of Elyvilon.
  3351 | D:5      | Entered Level 5 of the Dungeon
  3356 | D:5      | Noticed an ogre
  3367 | D:5      | Killed an ogre
  3368 | D:5      | Reached skill level 5 in Fighting
  3368 | D:5      | Reached skill level 5 in Shields
  3368 | D:5      | Reached XP level 6. HP: 53/56 MP: 5/5
  3402 | D:5      | Reached skill level 1 in Throwing
  3402 | D:5      | Reached skill level 5 in Armour
  3450 | D:5      | Found a staircase to the Ecumenical Temple.
  3750 | D:5      | Reached XP level 7. HP: 61/61 MP: 6/6
  3764 | D:5      | Found a radiant altar of Vehumet.
  4038 | D:5      | Found an iron altar of Okawaru.
  4061 | D:5      | Became a worshipper of Warmaster Okawaru
  4615 | Temple   | Entered the Ecumenical Temple
  4924 | D:6      | Noticed a wraith
  4927 | D:6      | Reached skill level 1 in Polearms
  4928 | D:6      | Reached XP level 8. HP: 70/70 MP: 7/7
  4931 | D:6      | Reached * piety under Okawaru
  5025 | D:6      | Noticed Grinder
  5026 | D:6      | Paralysed by Grinder for 2 turns
  5035 | D:6      | Killed Grinder
  5174 | D:6      | Identified the +10 falchion "Killer Bee's Foe" {drain,
                  | rElec Stlth+}
  5205 | D:6      | Found Renkol's Jewellery Shop.
  5297 | D:6      | Found Juhurpho's Jewellery Boutique.
  5466 | D:6      | Reached ** piety under Okawaru
  5467 | D:6      | Reached skill level 5 in Polearms
  5467 | D:6      | Reached XP level 9. HP: 76/79 MP: 8/8
  5536 | D:6      | Found a runed translucent door.
  5537 | D:6      | Noticed Crazy Yiuf
  5546 | D:6      | Killed Crazy Yiuf
  5778 | D:7      | Noticed Menkaure
  5790 | D:7      | Killed Menkaure
  6305 | D:7      | Reached skill level 5 in Long Blades
  6305 | D:7      | Reached skill level 5 in Throwing
  6467 | D:8      | Found a burning altar of Makhleb.
  6470 | D:8      | Noticed a blizzard demon
  6471 | D:8      | Found a glowing silver altar of Zin.
  6473 | D:8      | Noticed an angel
  6542 | D:8      | Reached *** piety under Okawaru
  6916 | D:8      | Reached XP level 10. HP: 69/90 MP: 9/9
  6967 | D:8      | Found a stormy altar of Qazlal.
  6982 | D:8      | Received a gift from Okawaru
  7060 | D:8      | Found a sparkling altar of Nemelex Xobeh.
  7721 | D:9      | Reached **** piety under Okawaru
  7727 | D:9      | Noticed a two-headed ogre
  7729 | D:9      | Received a gift from Okawaru
  7755 | D:9      | Killed a two-headed ogre
  7836 | D:9      | Noticed Erica
  7852 | D:9      | Killed Erica
  7866 | D:9      | Reached XP level 11. HP: 84/96 MP: 5/10
  7978 | D:9      | Received a gift from Okawaru
  8032 | D:9      | Found an ancient bone altar of Kikubaaqudgha.
  8048 | D:9      | Found a basalt altar of Yredelemnul.
  8065 | D:9      | Found a shadowy altar of Dithmenos.
  8065 | D:9      | Found a snail-covered altar of Cheibriados.
  8410 | D:10     | Entered Level 10 of the Dungeon
  8437 | D:10     | Reached skill level 10 in Fighting
  8481 | D:10     | Found an opulent altar of Gozag.
  8524 | D:10     | Reached skill level 10 in Armour
  8659 | D:10     | Reached skill level 10 in Shields
  8723 | D:10     | Noticed Maurice
  8733 | D:10     | Killed Maurice
  8733 | D:10     | Reached ***** piety under Okawaru
  9130 | D:11     | Noticed a boulder beetle
  9173 | D:11     | Killed a boulder beetle
  9173 | D:11     | Identified the +6 long sword "Ophips" {speed, rElec rC+ rN+
                  | Will+} (Okawaru gifted it to you on level 11 of the
                  | Dungeon)
  9173 | D:11     | Received a gift from Okawaru
  9287 | D:11     | Noticed a boulder beetle
  9315 | D:11     | Killed a boulder beetle
  9761 | D:11     | Found a staircase to the Lair.
  9761 | D:11     | Noticed a fire crab
  9853 | D:11     | Killed a fire crab
 10215 | D:11     | Noticed Urug
 10232 | D:11     | Killed Urug
 10232 | D:11     | Received a gift from Okawaru
 10504 | D:11     | Noticed a two-headed ogre
 10518 | D:11     | Killed a two-headed ogre
 10997 | D:12     | Noticed a four-headed hydra
 10999 | D:12     | Noticed a two-headed ogre
 11012 | D:12     | Identified the +0 pair of boots of Duck's Teeth {rElec rF+
                  | Dex-5 Slay+5} (Okawaru gifted it to you on level 12 of the
                  | Dungeon)
 11012 | D:12     | Received a gift from Okawaru
 11030 | D:12     | Killed a 15-headed hydra
 11031 | D:12     | Reached XP level 12. HP: 63/110 MP: 2/11
 11038 | D:12     | Reached skill level 10 in Long Blades
 11041 | D:12     | Noticed a two-headed ogre
 11065 | D:12     | Killed a two-headed ogre
 11096 | D:12     | Slain by a gargoyle

Illustrated notes

Levels and vault maps discovered:
D:1:      amcnicky_arrival_underground_garden, layout_rooms,
          dilly_ecumenical_altar_fadedgnrine, minmay_misc_feat_tower,
          feat_on_display
D:2:      layout_loops_cross
D:3:      layout_basic, nicolae_tso_swordbearing_angel,
          mainiacjoe_overflow_brackets, amcnicky_altar_gilded, serial_shops,
          nicolae_shop_tiny_glass
D:4:      layout_cave_pods, mainiacjoe_overflow_small_starburst,
          elyvilon_altar_1
D:5:      minmay_skewed_foursquare, layout_loops_ring,
          mainiacjoe_overflow_catwalk, mainiacjoe_overflow_surrounded_room,
          minmay_temple_entry_butterflies, kennysheep_generic_room_9
D:6:      layout_basic, serial_shops, shop, nicolae_stop_n_shop_2,
          minmay_divided_ellipse, uniq_crazy_yiuf_cottage, uniq_grinder
D:7:      layout_rooms, minmay_misc_feat_cross, patterned_corridor,
          uniq_menkaure
D:8:      layout_basic, grunt_temple_overflow_order_and_chaos_2,
          grunt_qazlal_sundering, nemelex_xobeh_ov_fountains_minmay,
          nicolae_wand_duel, nicolae_nh_ransacked_shop
D:9:      layout_cave_pools, gammafunk_temple_overflow_forgotten,
          kiku_gazebo_pond_becter, uniq_erica
D:10:     layout_rooms, grunt_gozag_statues, uniq_maurice
D:11:     layout_grid_maze, minmay_lair_entry_lava, uniq_urug
D:12:     minmay_bloctagon, layout_basic
Temple:   nicolae_temple_stand_before_the_council

Skill      XL: |  1  2  3  4  5  6  7  8  9 10 11 12 |
---------------+-------------------------------------+-----
Fighting       | 4 5 6 7 8 9 11 | 11.4
Armour         | 4 5 6 7 8 9 11 | 11.3
Shields        | 4 5 6 7 8 9 11 | 11.3
Long Blades    | 3 5 7 9 10 | 10.6
Short Blades   | 1 2 3 |  3.9
Throwing       | 1 2 4 5 6 8 |  8.6
Polearms       | 1 5 |  5.1

Action                     |  1- 3 |  4- 6 |  7- 9 | 10-12 || total
---------------------------+-------+-------+-------+-------++-------
  Melee: Long sword        |    21 |       |       |       ||    21
         Headbutt          |    19 |    24 |    50 |   112 ||   205
         Dagger            |    77 |   151 |    82 |       ||   310
         Maw               |     1 |       |       |       ||     1
         Halberd           |       |       |    32 |       ||    32
         Falchion          |       |       |   147 |   405 ||   552
  Throw: Boomerang         |       |     1 |       |       ||     1
         Throwing net      |       |       |       |     2 ||     2
         Dart              |       |       |       |     2 ||     2
 Invoke: Heroism           |       |       |     2 |     5 ||     7
         Finesse           |       |       |       |     3 ||     3
    Use: Scroll            |     1 |     4 |    10 |     4 ||    19
         Potion            |       |     1 |     1 |     3 ||     5
   Stab: Invisible         |       |       |       |     2 ||     2
 Armour: Scale mail        |    13 |    11 |       |       ||    24
         Chain mail        |    17 |     4 |       |       ||    21
         Plate armour      |       |    42 |   213 |   303 ||   558
  Dodge: Dodged            |    26 |    45 |   111 |   134 ||   316
  Block: Buckler           |    17 |    31 |    79 |   133 ||   260
         Form:             |     1 |       |       |       ||     1
         Maw               |     1 |       |       |       ||     1

Table legend: (Time is in decaauts)
 A = Elapsed time spent in this place.
 B = Non-inter-level travel time spent in this place.
 C = Inter-level travel time spent in this place.
 D = Time resting spent in this place.
 E = Time spent auto-exploring this place.
 F = Levels seen in this place.
 G = Mean time per level.
                   A        B        C        D        E       F      G
               +--------+--------+--------+--------+--------+-----+--------+
         Total |  10996 |  10910 |     86 |   1178 |   5741 |  13 |  845.8 |
       Dungeon |  10972 |  10886 |     86 |   1178 |   5741 |  12 |  914.3 |
        Temple |     23 |     23 |      0 |      0 |      0 |   1 |   23.0 |
               +--------+--------+--------+--------+--------+-----+--------+

Top non-repeatable levels by time:
    D:11: 1805 daAuts
     D:5: 1375 daAuts
     D:8: 1150 daAuts
     D:3: 980 daAuts
     D:6: 916 daAuts
     D:4: 862 daAuts
     D:7: 788 daAuts
     D:9: 765 daAuts
     D:2: 757 daAuts
     D:1: 745 daAuts
    D:10: 634 daAuts
    D:12: 191 daAuts
  Temple: 23 daAuts
